 Dungeon Crawl Stone Soup version 0.22-a0-223-g0f5d773 (webtiles) character file.

54182 Amnesiac the Fetichist (level 14, -3/75 HPs)
             Began as a Spriggan Artificer on Feb 19, 2018.
             Was an Initiate of Gozag.
             Killed from afar by a deep elf annihilator (78 damage)
             ... with a crystal spear
             ... on level 1 of the Elven Halls.
             The game lasted 01:15:29 (27982 turns).

Amnesiac the Fetichist (Spriggan Artificer)        Turns: 27982, Time: 01:15:30

Health: -3/75      AC: 27    Str: 11    XL:     14   Next: 33%
Magic:  27/27      EV:  6    Int: 12    God:    Gozag
Gold:   3927       SH: 11    Dex: 24    Spells: 7/13 levels left

rFire    + + +     SeeInvis +   b - +1 hunting sling
rCold    + + .     Gourm    +   t - +3 buckler {rC+ rF+}
rNeg     + . .     Faith    .   F - +9 scales of the Dragon King {rPois rF+ rC+ MR+}
rPois    +         Spirit   .   D - +0 mask of the Dragon {MR+ Slay+3 SInv}
rElec    +         Reflect  .   O - +2 ratskin cloak {+Rats rPois rN+ Str-1 Int-1 Dex+1}
rCorr    .         Harm     .   (gloves unavailable)
MR       ++++.                  (boots unavailable)
Stlth    ..........             Z - amulet of Fedhas's Reproof {Gourm +Blink rElec rF+}
HPRegen  0.22/turn              W - ring of protection from fire
MPRegen  0.20/turn              P - +6 ring of dexterity

@: gold aura, very quick
A: very small, unfitting armour, see invisible, herbivore, speed 3, slow
metabolism 2
a: Potion Petition, Call Merchant, Bribe Branch, Renounce Religion, Evoke Blink,
Evoke Ratskin


You were on level 1 of the Elven Halls.
You worshipped Gozag.
Gozag was most pleased with you.
You were not hungry.

You visited 4 branches of the dungeon, and saw 19 of its levels.
You also visited: Labyrinth.

You collected 6636 gold pieces.
You spent 2646 gold pieces at shops.
You paid 63 gold pieces to Gozag.

Inventory:

Hand Weapons
 a - a +1 dagger of draining
 b - a +1 hunting sling (weapon)
 i - a +2 dagger of distortion
 q - a +2 eveningstar of holy wrath
 w - a +0 blowgun
Missiles
 c - 2 throwing nets
 f - 78 stones (quivered)
 l - 44 poisoned needles
 m - 5 curare-tipped needles
 y - 304 arrows
Armour
 t - a +3 buckler of resistance (worn)
 D - the +0 mask of the Dragon (worn) {MR+ Slay+3 SInv}
   (You bought it in a shop on level 2 of the Orcish Mines)

   It affects your accuracy and damage with ranged weapons and melee attacks
   (+3).
   It affects your resistance to hostile enchantments.
   It lets you see invisible.
 F - the +9 scales of the Dragon King (worn) {rPois rF+ rC+ MR+}
   (You found it in a labyrinth)

   It protects you from fire.
   It protects you from cold.
   It protects you from poison.
   It affects your resistance to hostile enchantments.
 O - the +2 ratskin cloak (worn) {+Rats rPois rN+ Str-1 Int-1 Dex+1}
   (You bought it in a shop on level 2 of the Orcish Mines)

   It affects your strength (-1).
   It affects your intelligence (-1).
   It affects your dexterity (+1).
   It protects you from poison.
   It protects you from negative energy.
Jewellery
 P - a +6 ring of dexterity (right hand)
 W - a ring of protection from fire (left hand)
 X - an uncursed ring of protection from cold
 Z - the amulet of Fedhas's Reproof (around neck) {Gourm +Blink rElec rF+}
   (You found it in a labyrinth)

   [amulet of the gourmand]

   It allows you to eat raw meat even when not hungry.
   It protects you from fire.
   It insulates you from electricity.
   It lets you blink.
Wands
 d - a wand of enslavement (10)
 g - a wand of digging (7)
Scrolls
 e - a scroll of blinking {!r}
 n - 4 scrolls of remove curse {!r}
 o - 5 scrolls of teleportation {!r}
 s - a scroll of vulnerability {!r}
 E - a scroll of brand weapon {!r}
 R - a scroll of fog {!r}
Potions
 h - 6 potions of heal wounds {!q}
 j - 12 potions of curing {!q}
 k - 5 potions of lignification {!q}
 p - a potion of brilliance {!q}
 x - a potion of magic {!q}
 z - a potion of haste {!q}
 A - a potion of cancellation {!q}
 B - 3 potions of might {!q}
 G - a potion of invisibility {!q}
 I - 2 potions of berserk rage {!q}
 J - 4 potions of mutation {!q}
 M - 3 potions of resistance {!q}
Comestibles
 v - 11 rations


   Skills:
 - Level 9.0 Fighting
 - Level 8.0 Short Blades
 + Level 0.6 Maces & Flails
 - Level 12.0 Slings
 - Level 5.2 Armour
 - Level 13.5 Dodging
 - Level 6.0 Stealth
 - Level 5.2 Shields
 - Level 17.0 Evocations


You had 7 spell levels left.
You knew the following spells:

 Your Spells              Type           Power        Failure   Level  Hunger
a - Sticks to Snakes      Tmut           #.......     100%        2    ###....
r - Regeneration          Chrm/Necr      #.........   100%        3    ####...
z - Confusing Touch       Hex            #.....       100%        1    ##.....


Dungeon Overview and Level Annotations

Branches:
Dungeon (15/15)            Temple (1/1) D:4            Lair (0/6) D:8
    Orc (2/2) D:11            Elf (1/3) Orc:2        Vaults (0/5) D:14
 Depths (0/5) D:15

Altars:
Ashenzari
Cheibriados
Dithmenos
Elyvilon
Fedhas
Gozag
Hepliaklqana
Kikubaaqudgha
Makhleb
Nemelex Xobeh
Okawaru
Qazlal
Ru
Sif Muna
Trog
Uskayaw
Vehumet
Wu Jian
Xom
Yredelemnul
Zin
The Shining One

Shops:
D:6 (   D:8 [   D:14 :   D:15 (   Orc:1 (   Orc:2 !![*!

Portals:
Trove: D:11 (give 4 potions of resistance)


Innate Abilities, Weirdness & Mutations

You are very small and have problems with some larger weapons.
You are too small for most types of armour.
You have supernaturally acute eyesight. (SInv)
You are a herbivore.
You cover ground extremely quickly.
You need consume almost no food.


Message History

Press: ? - help, Shift-Dir - straight line, f/p - deep elf annihilator
Aim: a deep elf annihilator, wielding a short sword (lightly wounded)
You shoot a stone.
The stone hits the deep elf annihilator!
The deep elf annihilator is moderately wounded.
Unknown command.
Firing (i - inventory. (/) - cycle)
f - 86 stones (quivered)
Press: ? - help, Shift-Dir - straight line, f/p - deep elf annihilator
Aim: a deep elf annihilator, wielding a short sword (moderately wounded)
You shoot a stone.
The stone hits the deep elf annihilator!
The deep elf annihilator is heavily wounded.
The deep elf annihilator casts a spell.
The deep elf annihilator blinks!
Unknown command.
Firing (i - inventory. (/) - cycle)
f - 85 stones (quivered)
Press: ? - help, Shift-Dir - straight line, f/p - deep elf annihilator
Aim: a deep elf annihilator, wielding a short sword (heavily wounded)
You shoot a stone.
The stone hits the deep elf annihilator.
The deep elf annihilator is heavily wounded.
Unknown command.
Firing (i - inventory. (/) - cycle)
f - 84 stones (quivered)
Press: ? - help, Shift-Dir - straight line, f/p - deep elf annihilator
Aim: a deep elf annihilator, wielding a short sword (heavily wounded)
You shoot a stone.
The stone hits the deep elf annihilator.
The deep elf annihilator is heavily wounded.
Unknown command.
Firing (i - inventory. (/) - cycle)
f - 83 stones (quivered)
Press: ? - help, Shift-Dir - straight line, f/p - deep elf annihilator
Aim: a deep elf annihilator, wielding a short sword (heavily wounded)
You shoot a stone.
The stone barely misses the deep elf annihilator.
Unknown command.
Firing (i - inventory. (/) - cycle)
f - 82 stones (quivered)
Press: ? - help, Shift-Dir - straight line, f/p - deep elf annihilator
Aim: a deep elf annihilator, wielding a short sword (heavily wounded)
You shoot a stone.
The stone misses the deep elf annihilator.
Unknown command.
Firing (i - inventory. (/) - cycle)
f - 81 stones (quivered)
Press: ? - help, Shift-Dir - straight line, f/p - deep elf annihilator
Aim: a deep elf annihilator, wielding a short sword (heavily wounded)
You shoot a stone.
The stone hits the deep elf annihilator!
The deep elf annihilator is severely wounded.
You block the deep elf annihilator's attack.
Firing (i - inventory. (/) - cycle)
f - 80 stones (quivered)
Press: ? - help, Shift-Dir - straight line, f/p - deep elf annihilator
Aim: a deep elf annihilator, wielding a short sword (severely wounded)
You shoot a stone.
The stone closely misses the deep elf annihilator.
Firing (i - inventory. (/) - cycle)
f - 79 stones (quivered)
Press: ? - help, Shift-Dir - straight line, f/p - deep elf annihilator
Aim: a deep elf annihilator, wielding a short sword (severely wounded)
You shoot a stone.
The stone hits the deep elf annihilator!
The deep elf annihilator is almost dead.
The deep elf annihilator points at you and mumbles some strange words.
The crystal spear hits you!
Ouch! That really hurt!
You die...
Your body crumbles into a pile of gold.

#........+ ...... $
##....#### ......
##.#(### ......#
#...(((# #.....
#.....(# ####..
#..##.(###.###+#
#.....$##.#.##.#
#.##(..#.###.#.###
#.##(.e@## ##....#
#......#.###.....##
##......##.#.<...#.##
#........##.##..###.##
#.###.##.##.##.##
##.####
#.###.......#.##
##...>
#........#####.##
##.#### ##########
##.###.## #..#.##


You could see a deep elf annihilator.

Vanquished Creatures
  Azrael (D:12)
  A minotaur (Lab)
  Snorg (D:12)
  A vault guard (D:14)
  Harold (D:10)
  2 hydras (D:11)
  2 ice dragons
  3 fire dragons
  21 two-headed ogres
  3 ogre magi (Orc:2)
  A death knight (D:11)
  Urug (D:12)
  A skeletal warrior (D:9)
  An unseen horror (D:9)
  An orc knight (Orc:1)
  A wolf spider (D:10)
  4 ugly things
  A manticore (D:12)
  3 deep elf magi
  The ghost of Gorglomux the Placeless Spriggan, a novice SpWr of Hepliaklqana (D:7)
  2 gargoyles
  An eye of devastation (shapeshifter) (D:7)
  2 freezing wraiths (D:10)
  5 trolls
  A merfolk (D:11)
  A hornet (D:11)
  Grinder (D:4)
  4 hippogriffs
  2 shadows (Lab)
  2 redbacks (Lab)
  2 wraiths
  Eustachio (D:4)
  24 yaks
  A fire elemental (D:12)
  A golden eye (D:10)
  2 vampire mosquitoes (D:14)
  A basilisk (D:14)
  3 hungry ghosts
  A redback simulacrum (D:15)
  2 acid dragons
  3 soldier ants
  5 wargs
  A naga (D:10)
  2 water moccasins
  Duvessa (D:5)
  3 hell hounds (D:12)
  11 orc warriors
  5 ice beasts
  4 sky beasts
  32 ogres
  2 black bears
  A phantom (D:7)
  An eye of draining (D:14)
  8 centaurs
  2 crocodiles (D:12)
  4 big kobolds
  9 bullfrogs
  Dowan (D:5)
  5 scorpions
  6 killer bees
  5 howler monkeys
  A vampire bat (D:4)
  5 crimson imps
  4 lava snakes (Lab)
  5 centaur zombies
  4 bullfrog zombies
  5 hounds
  4 centaur skeletons
  14 orc priests
  A bullfrog skeleton (D:6)
  3 jellies
  27 orc wizards
  4 iguanas
  Natasha (thrice) (D:3)
  16 worker ants
  A hound skeleton (D:9)
  A worker ant zombie (D:6)
  7 gnolls
  2 howler monkey skeletons
  14 adders
  3 shadow imps
  An adder zombie (D:9)
  3 adder skeletons
  2 worms (D:5)
  A dart slug (D:3)
  3 fire bats (D:4)
  5 leopard geckos
  82 orcs
  2 spectral bats (D:4)
  3 bat skeletons (D:4)
  A bat zombie (D:4)
  6 giant cockroaches
  6 goblins
  7 hobgoblins
  8 jackals
  6 quokkas
  13 bats
  A bat simulacrum (D:4)
  8 frilled lizards
  22 kobolds
  A leopard gecko skeleton (D:6)
  8 rats
534 creatures vanquished.

Vanquished Creatures (collateral kills)
  A two-headed ogre (Orc:2)
  An ogre mage (Orc:2)
  An ice beast (D:7)
  An orc wizard (D:10)
4 creatures vanquished.

Vanquished Creatures (others)
  An orc wizard (D:7)
1 creature vanquished.

Grand Total: 539 creatures vanquished

Notes
Turn   | Place    | Note
-------+----------+-------------------------------------------
     0 | D:1      | Amnesiac the Spriggan Artificer began the quest for the Orb.
     0 | D:1      | Reached XP level 1. HP: 9/9 MP: 4/4
   144 | D:1      | Reached skill level 1 in Fighting
   588 | D:1      | Reached XP level 2. HP: 15/15 MP: 6/6
  1415 | D:3      | Reached XP level 3. HP: 11/18 MP: 7/7
  1580 | D:4      | Reached XP level 4. HP: 21/23 MP: 8/8
  1835 | D:4      | Reached XP level 5. HP: 16/26 MP: 9/9
  2054 | D:4      | Noticed Grinder
  2176 | D:4      | Killed Grinder
  2176 | D:4      | Reached XP level 6. HP: 25/30 MP: 10/10
  2330 | D:5      | Entered Level 5 of the Dungeon
  2427 | D:4      | Found a staircase to the Ecumenical Temple.
  2445 | Temple   | Entered the Ecumenical Temple
  2604 | Temple   | Became a worshipper of Gozag Ym Sagoz the Greedy
  3144 | D:3      | Noticed Natasha
  3158 | D:3      | Reached XP level 7. HP: 29/35 MP: 11/11
  3162 | D:3      | Killed Natasha
  3188 | D:3      | Noticed Natasha
  3207 | D:3      | Killed Natasha
  3309 | D:3      | Noticed Natasha
  3343 | D:3      | Killed Natasha
  3994 | D:4      | Noticed Eustachio
  4075 | D:4      | Killed Eustachio
  4622 | D:5      | Noticed Dowan
  4634 | D:5      | Killed Dowan
  4643 | D:5      | Noticed Duvessa
  4712 | D:5      | Killed Duvessa
  4712 | D:5      | Reached skill level 10 in Slings
  4712 | D:5      | Reached XP level 8. HP: 12/39 MP: 12/12
  5466 | D:5      | Got a fine steel amulet
  5860 | D:5      | Identified the amulet "Jiusezez" {Fragile Regen+ Str+5 Int+8 Dex-4} (You found it on level 5 of the Dungeon)
  6519 | D:6      | Reached skill level 5 in Evocations
  6565 | D:6      | Learned a level 2 spell: Sticks to Snakes
  6833 | D:6      | Found Liatwine's Weapon Shop.
  7468 | D:7      | Reached XP level 9. HP: 43/43 MP: 14/14
  7493 | D:7      | Reached skill level 6 in Evocations
  7783 | D:7      | Noticed Gorglomux's ghost (novice SpWr)
  7829 | D:7      | Killed Gorglomux's ghost
  7829 | D:7      | Reached skill level 5 in Dodging
  7829 | D:7      | Reached skill level 7 in Evocations
  8090 | D:7      | Reached skill level 8 in Evocations
  8119 | D:7      | Found a hazy altar of Hepliaklqana.
  8791 | D:7      | Found a sacrificial altar of Ru.
  8900 | D:8      | Reached skill level 9 in Evocations
  9219 | D:8      | Reached XP level 10. HP: 37/51 MP: 18/18
  9260 | D:8      | Noticed a guardian serpent
  9260 | D:8      | a tarantella changed into a guardian serpent
  9287 | D:7      | Reached skill level 10 in Evocations
  9357 | D:8      | Noticed a gargoyle
  9469 | D:8      | Killed a gargoyle
  9766 | D:8      | Reached skill level 5 in Fighting
  9766 | D:8      | Reached skill level 11 in Evocations
  9996 | D:8      | Found Exidatol's Antique Armour Shop.
 10004 | D:8      | Bought a tattered robe for 131 gold pieces
 10014 | D:8      | Identified the +1 robe of Moral Flaws {rElec rCorr Dex+2} (You bought it in a shop on level 8 of the Dungeon)
 10024 | D:8      | Found a staircase to the Lair.
 10391 | D:8      | Found an ornate altar of the Wu Jian Council.
 10391 | D:8      | Found a bloodstained altar of Trog.
 10561 | D:9      | Noticed a two-headed ogre
 10624 | D:8      | Killed a two-headed ogre
 10846 | D:9      | Reached skill level 12 in Evocations
 11345 | D:9      | Noticed a two-headed ogre
 11384 | D:9      | Killed a two-headed ogre
 11384 | D:9      | Reached XP level 11. HP: 38/56 MP: 21/21
 11730 | D:10     | Entered Level 10 of the Dungeon
 11730 | D:10     | Noticed Psyche
 11730 | D:10     | Noticed an unseen horror
 11742 | D:9      | Killed an unseen horror
 11742 | D:9      | Reached skill level 10 in Dodging
 11971 | D:9      | Reached skill level 13 in Evocations
 12337 | D:10     | Noticed Sonja
 12368 | D:10     | Noticed a skeletal warrior
 12495 | D:10     | Noticed Harold
 12697 | D:10     | Killed Harold
 12721 | D:10     | Noticed a death knight
 13010 | D:9      | Killed a skeletal warrior
 13035 | D:10     | Noticed Sonja
 13035 | D:10     | Sonja changed into Sonja the golden eye
 13043 | D:10     | Killed Sonja the golden eye
 13209 | D:10     | Noticed a wolf spider
 13209 | D:10     | a death knight changed into a wolf spider
 13268 | D:10     | Killed a wolf spider
 13387 | D:10     | Noticed Psyche
 13387 | D:10     | Psyche changed into Psyche the hornet
 13388 | D:10     | Noticed Psyche
 13388 | D:10     | Psyche the hornet changed into Psyche the naga
 13420 | D:10     | Reached skill level 5 in Short Blades
 13445 | D:10     | Killed Psyche the naga
 14353 | D:11     | Found a staircase to the Orcish Mines.
 14677 | D:11     | Learned a level 1 spell: Confusing Touch
 14681 | D:11     | Learned a level 3 spell: Regeneration
 14907 | D:11     | Noticed an ice dragon
 14916 | D:11     | Found a runed door.
 14916 | D:11     | Found a runed door.
 14916 | D:11     | Noticed a fire dragon
 14917 | D:11     | Found the +2 shield of Resistance {rF+ rC+ MR+}
 14917 | D:11     | Noticed a fire dragon
 14919 | D:11     | Noticed an ice dragon
 15075 | D:11     | Noticed a death knight
 15165 | D:11     | Killed a death knight
 15308 | D:11     | Found a portal to a secret trove of treasure.
 15465 | D:11     | Noticed a five-headed hydra
 15510 | D:11     | Killed a five-headed hydra
 15510 | D:11     | Reached XP level 12. HP: 55/62 MP: 23/23
 15754 | D:11     | Killed an ice dragon
 16103 | D:11     | Noticed an eight-headed hydra
 16103 | D:11     | an ice dragon changed into an eight-headed hydra
 16145 | D:11     | Killed an eight-headed hydra
 16145 | D:11     | Reached skill level 14 in Evocations
 16650 | D:11     | Killed a fire dragon
 16948 | D:11     | HP: 3/62 [fire dragon/blast of flame (59)]
 17061 | D:11     | Killed a fire dragon
 17837 | D:12     | Noticed a two-headed ogre
 17878 | D:12     | Killed a two-headed ogre
 18085 | D:12     | Reached skill level 15 in Evocations
 18204 | D:12     | Noticed Azrael
 18257 | D:12     | Killed Azrael
 18571 | D:12     | Noticed Urug
 18578 | D:12     | Killed Urug
 18752 | D:12     | Found a snail-covered altar of Cheibriados.
 18840 | D:12     | Noticed Snorg
 18842 | D:12     | Killed Snorg
 19285 | D:6      | Bought 13 sling bullets for 97 gold pieces
 19550 | D:13     | Reached XP level 13. HP: 64/68 MP: 25/25
 19652 | D:13     | Reached skill level 16 in Evocations
 22738 | D:14     | Found Pyatut's Book Boutique.
 22838 | D:14     | Found a gate to the Vaults.
 22908 | D:15     | Entered Level 15 of the Dungeon
 22915 | D:15     | Found a labyrinth entrance.
 22925 | Lab      | Entered a labyrinth
 22933 | Lab      | Found the +9 scales of the Dragon King {rPois rF+ rC+ MR+}
 23059 | Lab      | Found an exit through the horrors of the Abyss.
 23406 | Lab      | Reached skill level 1 in Armour
 23684 | Lab      | Noticed a minotaur
 23699 | Lab      | Killed a minotaur
 23705 | Lab      | Identified the Almanac of Displaced Arcane Weapons
 23706 | Lab      | Got an ebony spear
 23706 | Lab      | Got a fine ivory amulet
 23710 | Lab      | Identified the amulet of Fedhas's Reproof {Gourm +Blink rElec rF+} (You found it in a labyrinth)
 23745 | D:15     | Identified the +1 spear of Maeq {drain, rC+} (You found it in a labyrinth)
 23811 | D:15     | Found Afefummue's Weapon Boutique.
 23998 | D:15     | Noticed a fire dragon
 24078 | D:15     | Reached skill level 17 in Evocations
 24093 | D:15     | Killed a fire dragon
 24162 | D:15     | Found a staircase to the Depths.
 24334 | D:15     | Got a twisted buckler
 24581 | Orc:1    | Entered Level 1 of the Orcish Mines
 24589 | Orc:1    | Reached skill level 1 in Shields
 24940 | Orc:1    | Found Wuppusecs's Antique Weapon Shoppe.
 25052 | Orc:1    | Identified the +3 buckler "Ychuph" {rF- Dex+6 Stlth+} (You found it on level 15 of the Dungeon)
 25056 | Orc:2    | Entered Level 2 of the Orcish Mines
 25579 | Orc:2    | Found Odaxtiph's Distillery.
 25653 | Orc:2    | Found a staircase to the Elven Halls.
 25877 | Orc:2    | Reached XP level 14. HP: 65/75 MP: 27/27
 26708 | Orc:2    | Reached skill level 5 in Armour
 26797 | Orc:2    | Reached skill level 5 in Shields
 26953 | Orc:2    | Found Qiecot's Assorted Antiques.
 26955 | Orc:2    | Found Jihuakhly's Distillery.
 26955 | Orc:2    | Found Voameno's Armour Boutique.
 26955 | Orc:2    | Found Votzef's Distillery.
 26964 | Orc:2    | Bought a scroll labeled HOBLEP MIBAABE for 25 gold pieces
 26965 | Orc:2    | Bought a potion of resistance for 140 gold pieces
 26971 | Orc:2    | Bought a +1 buckler of resistance for 620 gold pieces
 26971 | Orc:2    | Bought the +0 mask of the Dragon {MR+ Slay+3 SInv} for 567 gold pieces
 26971 | Orc:2    | Found the +0 mask of the Dragon {MR+ Slay+3 SInv}
 26971 | Orc:2    | Bought the +2 ratskin cloak {+Rats rPois rN+ Str-1 Int-1 Dex+1} for 472 gold pieces
 26971 | Orc:2    | Found the +2 ratskin cloak {+Rats rPois rN+ Str-1 Int-1 Dex+1}
 27439 | Orc:1    | Bought a glowing eveningstar for 594 gold pieces
 27486 | Elf:1    | Entered Level 1 of the Elven Halls
 27982 | Elf:1    | Killed from afar by a deep elf annihilator

Vault maps used:
D:1:      scummos_arrival_hexagon, minmay_misc_feat_x, grunt_decor_one_mirror,
          minmay_misc_feat_columns, minmay_cut_off
D:3:      hex_tiny, uniq_natasha
D:4:      minmay_temple_entry_large_hall, goddamned_bats, uniq_grinder,
          uniq_eustachio
D:5:      first_ration, uniq_duvessa
D:6:      serial_shops, shop_statue
D:7:      kennysheep_mini_moat, kennysheep_mini
D:8:      minmay_curly_fans, gammafunk_temple_overflow_pools, lair_entry_dummy,
          serial_shops, shop_statue
D:10:     uniq_sonja, uniq_harold, uniq_psyche
D:11:     orc_0_dummy, trove_entry_hex_spiral, hangedman_fish_farm,
          minmay_guarded_unrand_resistance
D:12:     basic_altar, uniq_urug, uniq_azrael, uniq_snorg
D:14:     david_vaults_5, hangedman_abyss_or_decor_stabs, serial_shops, shop
D:15:     grunt_enter_depths_hoard, lab_entry_generic, serial_shops,
          nicolae_shop_stone
Temple:   regret_index_temple_mists
Orc:1:    serial_shops, shop, nicolae_orc_lava_tube
Orc:2:    st_orc_ogre_mass, serial_shops, shop_fountains
Elf:1:    basic_altar, minmay_elf_demonology, amethyst_killhole
Lab:      labyrinth_fake_exit, lab_fountain, nicolae_lab_quarters,
          labyrinth_lava_lair

Skill      XL: |  1  2  3  4  5  6  7  8  9 10 11 12 13 14 |
---------------+-------------------------------------------+-----
Fighting       | 1 2 4 5 6 7 9 |  9.0
Short Blades   | 2 8 |  8.0
Slings         | 3 4 6 7 10 12 | 12.0
Evocations     | 5 9 12 13 15 17 | 17.0
Dodging        | 4 7 9 10 12 13 | 13.5
Stealth        | 4 6 |  6.0
Armour         | 3 5 |  5.2
Shields        | 3 5 |  5.2
Maces & Flails | |  0.6

Action                   |  1- 3 |  4- 6 |  7- 9 | 10-12 | 13-15 || total
-------------------------+-------+-------+-------+-------+-------++-------
Melee: Short sword       |    13 |       |       |       |       ||    13
       Dagger            |       |       |    13 |   293 |   647 ||   953
 Fire: Hunting sling     |   114 |   101 |   804 |  1759 |   618 ||  3396
       Blowgun           |       |       |       |     8 |    92 ||   100
Throw: Throwing net      |       |       |       |     1 |     3 ||     4
Evoke: Wand              |       |    20 |    34 |    80 |    34 ||   168
  Use: Scroll            |       |       |    19 |     6 |     7 ||    32
       Potion            |       |       |       |     2 |     3 ||     5
 Stab: Paralysed         |       |       |       |    24 |    13 ||    37
       Petrifying        |       |       |       |     1 |       ||     1
       Distracted        |       |       |       |       |     3 ||     3
       Sleeping          |       |       |       |       |     2 ||     2
  Eat: Ration            |     1 |       |     4 |     1 |     5 ||    11
Armor: Robe              |    10 |     2 |    10 |    30 |     1 ||    53
       Gold dragon scale |       |       |       |       |   152 ||   152
Dodge: Dodged            |    48 |    21 |   201 |   591 |   326 ||  1187
Block: Buckler           |       |       |       |       |   162 ||   162

Table legend:
 A = Spawn XP
 B = Non-spawn XP
 C = Spawn XP percentage of total XP
 D = Spawn monster count
 E = Non-spawn monster count
 F = Spawn count percentage of total count
 G = Total turns spent on level
                    A         B        C        D         E        F      G
               +---------+---------+-------+---------+---------+-------+---------
         Total |       0 |   77403 |   0.0 |       0 |     539 |   0.0 | 27982
               +---------+---------+-------+---------+---------+-------+---------
           D:1 |       0 |      28 |   0.0 |       0 |      18 |   0.0 |  1202
           D:2 |       0 |      62 |   0.0 |       0 |      16 |   0.0 |   632
           D:3 |       0 |     182 |   0.0 |       0 |      30 |   0.0 |   748
           D:4 |       0 |     993 |   0.0 |       0 |      34 |   0.0 |  1928
           D:5 |       0 |     600 |   0.0 |       0 |      20 |   0.0 |  1576
           D:6 |       0 |    1058 |   0.0 |       0 |      28 |   0.0 |  1301
           D:7 |       0 |    2287 |   0.0 |       0 |      42 |   0.0 |  1494
           D:8 |       0 |    4509 |   0.0 |       0 |      46 |   0.0 |  1761
           D:9 |       0 |    4365 |   0.0 |       0 |      43 |   0.0 |  1802
          D:10 |       0 |    5218 |   0.0 |       0 |      42 |   0.0 |  2032
          D:11 |       0 |    8025 |   0.0 |       0 |      25 |   0.0 |  3164
          D:12 |       0 |   11167 |   0.0 |       0 |      42 |   0.0 |  2142
          D:13 |       0 |    4480 |   0.0 |       0 |      25 |   0.0 |  1769
          D:14 |       0 |    5574 |   0.0 |       0 |      31 |   0.0 |  1420
          D:15 |       0 |    3617 |   0.0 |       0 |       6 |   0.0 |   802
         Orc:1 |       0 |    9114 |   0.0 |       0 |      36 |   0.0 |  1462
         Orc:2 |       0 |   13294 |   0.0 |       0 |      45 |   0.0 |  1572
         Elf:1 |       0 |     544 |   0.0 |       0 |       1 |   0.0 |   183
           Lab |       0 |    2286 |   0.0 |       0 |       9 |   0.0 |   816
               +---------+---------+-------+---------+---------+-------+---------
